 Dungeon Crawl Stone Soup version 0.25.1-2-g60ff931df9 (webtiles) character file.

Game seed: 10185917874195326911

7255 hawla the Spear-Bearer (level 10, -15/83 (84) HPs)
             Began as a Minotaur Artificer on Oct 12, 2020.
             Was an Initiate of Gozag.
             Demolished by a two-headed ogre
             ... wielding a +0 giant club
              (24 damage)
             ... on level 9 of the Dungeon.
             The game lasted 00:25:51 (7726 turns).

hawla the Spear-Bearer (Minotaur Artificer)         Turns: 7726, Time: 00:25:52

HP:   -15/83 (84)   AC: 16    Str: 25    XL:     10   Next: 88%
MP:   14/14         EV: 12    Int: 10    God:    Gozag
Gold: 745           SH:  0    Dex: 12    Spells: 9/9 levels left

rFire    . . .     SeeInvis .   K - +2 quarterstaff (chaos)
rCold    . . .     Gourm    .   (shield currently unavailable)
rNeg     + + .     Faith    .   H - +0 chain mail
rPois    .         Spirit   .   (helmet restricted)
rElec    +         Reflect  .   L - +0 cloak
rCorr    .         Harm     .   b - +0 pair of gloves
MR       .....                  u - +1 pair of boots
Stlth    ..........             I - amulet "Ugyochei" {rElec rN+ Regen+ Dex+2 Stlth-}
HPRegen  0.63/turn              h - ring of positive energy
MPRegen  0.14/turn              g - +6 ring of strength

@: gold aura
A: retaliatory headbutt, horns 2
a: Potion Petition, Call Merchant, Bribe Branch, Renounce Religion


You were on level 9 of the Dungeon.
You worshipped Gozag.
Gozag was pleased with you.
You were hungry.

You visited 2 branches of the dungeon, and saw 10 of its levels.

You collected 1082 gold pieces.
You spent 231 gold pieces at shops.
You paid 106 gold pieces to Gozag.

Inventory:

Hand Weapons
 o - a +4 vampiric whip
 y - a +1 dagger of venom
 C - a +1 halberd of venom
 K - a +2 quarterstaff of chaos (weapon)
Missiles
 q - 43 poisoned darts
 w - 12 boomerangs (quivered)
 G - 2 atropa-tipped darts
 N - 3 javelins
Armour
 b - a +0 pair of gloves (worn)
 u - a +1 pair of boots (worn)
 H - a +0 chain mail (worn)
 L - a +0 cloak (worn)
Jewellery
 g - a +6 ring of strength (right hand)
 h - a ring of positive energy (left hand)
 m - a +6 ring of dexterity
 t - an uncursed ring of poison resistance {unknown}
 I - the amulet "Ugyochei" (around neck) {rElec rN+ Regen+ Dex+2 Stlth-}
   (You bought it in a shop on level 7 of the Dungeon)

   [amulet of regeneration]

   It affects your dexterity (+2).
   It insulates you from electricity.
   It protects you from negative energy.
   It increases your rate of regeneration.
   It makes you less stealthy.
Wands
 c - a wand of flame (25)
 d - a wand of enslavement (10)
 e - a wand of random effects (1)
 l - a wand of iceblast (2)
 v - a wand of polymorph (7)
 x - a wand of digging (4)
Scrolls
 i - 4 scrolls of remove curse
 j - 3 scrolls of fear
 k - 2 scrolls of teleportation
 n - 16 scrolls of identify
 p - 2 scrolls of magic mapping
 A - a scroll of noise
 B - a scroll of enchant weapon
 D - 2 scrolls of enchant armour
 J - a scroll of fog
Potions
 a - 3 potions of flight
 r - a potion of lignification
 s - 3 potions of magic
 E - 4 potions of curing
 F - 2 potions of degeneration {unknown}
 M - a potion of cancellation {unknown}
Comestibles
 f - 17 rations


   Skills:
 + Level 6.7 Fighting
 + Level 2.6 Short Blades
 + Level 3.8(5.4) Maces & Flails
 + Level 8.4(9.2) Polearms
 + Level 5.8(8.4) Staves
 + Level 1.6 Throwing
 + Level 8.1 Armour
 * Level 8.0 Dodging
 - Level 0.7 Stealth
 * Level 7.5 Evocations


You had 9 spell levels left.
You didn't know any spells.
Your spell library was empty.

Dungeon Overview and Level Annotations

Branches:
Dungeon (9/15)             Temple (1/1) D:7
   Lair: D:8-11         Orc: D:9-12

Altars:
Ashenzari
Cheibriados
Dithmenos
Elyvilon
Fedhas
Gozag
Hepliaklqana
Kikubaaqudgha
Makhleb
Nemelex Xobeh
Okawaru
Qazlal
Ru
Sif Muna
Trog
Uskayaw
Vehumet
Wu Jian
Xom
Yredelemnul
Zin
The Shining One

Shops:
D:7 **}


Innate Abilities, Weirdness & Mutations

You reflexively headbutt those who attack you in melee.
You have a pair of horns on your head.


Message History

The two-headed ogre becomes distracted by the nearby gold, dreaming of imaginary riches.
Your chain mail prevents you from hitting something.
The two-headed ogre shouts in stereo!
You headbutt something. Something hits you but does no damage.
You hit something. Something barely misses you. Something hits you!
You sock something!
Space bends around something.
Something hits you! Something hits you.
Evoke which item? (* to show all) (? for menu, Esc to quit)
Aiming: Enslavement
Press: ? - help, Shift-Dir - straight line, f - two-headed ogre
Aim: a two-headed ogre, wielding two +0 giant clubs (heavily wounded, strong, chance to defeat MR: 50%)
You detect the charmed unseen horror.
Reactivating autopickup.
The two-headed ogre is no longer distracted by gold.
You swap places.
The two-headed ogre hits you with a +0 giant club!!
* * * LOW HITPOINT WARNING * * *
The two-headed ogre hits you with a +0 giant club!!
You die...
Your body crumbles into a pile of gold.

....#........# #.#
.##.#........# #.#
....#........# #.#
.............# #.#
............# #.#
.......l.l.# #.# ........###
#.#
..........#################.#
............l$lO@x..........#
..........#########.#########
.......)..# #.# ........####
#.# ...........## #.#
............## #.#
.............# #.#
....#........# #.#
.##.#........# #.#


You could see a two-headed ogre (strong), an iguana, a leopard gecko and a
friendly unseen horror (charmed, invisible).

Vanquished Creatures
  Maurice (D:8)
  A troll (D:9)
  A hornet (D:8)
  Prince Ribbit (D:7)
  Grinder (D:3)
  2 hippogriffs
  Eustachio (D:4)
  4 hogs (D:7)
  2 orc warriors
  A hungry ghost (D:8)
  A human (D:7)
  A basilisk (D:7)
  2 black bears
  A water moccasin (D:9)
  2 ice beasts (D:9)
  4 sky beasts
  2 phantoms
  A necrophage (D:9)
  3 ogres
  7 centaurs
  6 bullfrogs
  A big kobold (D:9)
  A wyvern zombie (D:9)
  A water moccasin zombie (D:6)
  2 scorpions (D:6)
  A vampire bat (D:5)
  3 howler monkeys
  A crimson imp (D:7)
  2 centaur zombies
  A quasit (D:8)
  A bullfrog zombie (D:7)
  Crazy Yiuf (D:7)
  2 jellies (D:5)
  2 bullfrog skeletons
  2 orc priests
  A centaur skeleton (D:5)
  4 hounds
  4 iguanas
  2 orc wizards
  7 worker ants
  A killer bee zombie (D:9)
  A hound zombie (D:9)
  A worker ant zombie (D:6)
  Robin (D:2)
  11 adders
  4 gnolls
  4 shadow imps
  2 adder zombies
  2 adder skeletons (D:7)
  2 worms
  3 dart slugs (D:2)
  4 fire bats
  2 leopard geckos
  14 orcs
  2 spectral bats (D:5)
  A ball python (D:3)
  15 bats
  3 bat skeletons (D:5)
  A bat zombie (D:5)
  9 giant cockroaches
  11 goblins
  5 hobgoblins
  8 jackals
  14 kobolds
  4 quokkas
  A bat simulacrum (D:5)
  5 frilled lizards
  A quokka skeleton (D:4)
  5 rats
  A spectral orc (D:3)
222 creatures vanquished.

Vanquished Creatures (collateral kills)
  Psyche (D:7)
  A bullfrog (D:7)
2 creatures vanquished.

Vanquished Creatures (others)
  An ice beast (D:8)
  A worker ant (D:8)
  A worm (D:3)
3 creatures vanquished.

Grand Total: 227 creatures vanquished

Notes
Turn   | Place    | Note
-------+----------+-------------------------------------------
     0 | D:1      | hawla the Minotaur Artificer began the quest for the Orb.
     0 | D:1      | Reached XP level 1. HP: 16/16 MP: 1/1
   203 | D:1      | Reached XP level 2. HP: 23/23 MP: 3/3
  1042 | D:2      | Reached XP level 3. HP: 28/28 MP: 4/4
  1133 | D:2      | Found a sacrificial altar of Ru.
  1374 | D:2      | Found a glowing golden altar of the Shining One.
  1375 | D:2      | Found a burning altar of Makhleb.
  1448 | D:2      | Noticed Robin
  1459 | D:2      | Killed Robin
  1459 | D:2      | Reached skill level 1 in Armour
  1459 | D:2      | Reached XP level 4. HP: 35/35 MP: 5/5
  1681 | D:3      | Reached skill level 1 in Maces & Flails
  1860 | D:3      | Found a sacrificial altar of Ru.
  1968 | D:3      | Reached XP level 5. HP: 41/41 MP: 7/7
  2238 | D:3      | Found a basalt altar of Yredelemnul.
  2411 | D:3      | Noticed Grinder
  2433 | D:3      | Paralysed by Grinder for 2 turns
  2442 | D:3      | Killed Grinder
  2442 | D:3      | Reached XP level 6. HP: 34/48 MP: 8/8
  2898 | D:4      | Noticed Eustachio
  2899 | D:4      | Noticed a sky beast
  2913 | D:4      | Killed Eustachio
  2913 | D:4      | Reached skill level 1 in Throwing
  2913 | D:4      | Reached XP level 7. HP: 43/56 MP: 9/9
  3321 | D:5      | Entered Level 5 of the Dungeon
  3378 | D:5      | Reached skill level 5 in Evocations
  3435 | D:5      | Reached skill level 1 in Polearms
  3491 | D:5      | Found an ancient bone altar of Kikubaaqudgha.
  3680 | D:5      | Reached XP level 8. HP: 62/62 MP: 10/10
  3875 | D:5      | Reached skill level 5 in Dodging
  4338 | D:6      | Reached skill level 5 in Armour
  4409 | D:6      | Found a stormy altar of Qazlal.
  4627 | D:7      | Reached skill level 5 in Polearms
  4640 | D:7      | Found Iaun's Incredible Inventory.
  5046 | D:7      | Reached XP level 9. HP: 64/71 MP: 12/12
  5074 | D:7      | Found Cuargh's Gadget Shoppe.
  5177 | D:7      | Found a staircase to the Ecumenical Temple.
  5182 | D:7      | Found Icvoceedd's Assorted Antiques.
  5195 | Temple   | Entered the Ecumenical Temple
  5268 | Temple   | Became a worshipper of Gozag Ym Sagoz the Greedy
  5419 | D:7      | Bought a coiled crystal amulet for 165 gold pieces
  5419 | D:7      | Bought a scroll of fog for 66 gold pieces
  5420 | D:7      | Identified the amulet "Ugyochei" {rElec rN+ Regen+ Dex+2
                  | Stlth-} (You bought it in a shop on level 7 of the Dungeon)
  5604 | D:7      | Found a runed translucent door.
  5605 | D:7      | Noticed Crazy Yiuf
  5609 | D:7      | Killed Crazy Yiuf
  5657 | D:7      | Reached skill level 5 in Fighting
  5941 | D:8      | Noticed Prince Ribbit
  5949 | D:8      | Noticed Psyche
  5956 | D:7      | Killed Prince Ribbit
  6028 | D:7      | Killed Psyche
  6028 | D:7      | Reached skill level 1 in Staves
  6028 | D:7      | Reached XP level 10. HP: 73/81 MP: 14/14
  6141 | D:8      | Noticed Maurice
  6209 | D:8      | Killed Maurice
  6555 | D:8      | Found a hide-covered altar of Uskayaw.
  7223 | D:9      | Reached skill level 5 in Staves
  7696 | D:9      | Noticed a two-headed ogre
  7726 | D:9      | Demolished by a two-headed ogre

Illustrated notes

Levels and vault maps discovered:
D:1:      scummos_arrival_simple_crosswalls, layout_basic
D:2:      layout_loops_corners, lemuel_round_altar,
          gammafunk_temple_overflow_pools, minmay_pentomino_r2, uniq_robin
D:3:      layout_loops_corners, yredelemnul_forgotten_temple_becter,
          nicolae_ru_great_annihilating_truth, uniq_grinder
D:4:      layout_cave_pools, first_ration, uniq_eustachio
D:5:      layout_gridville, kiku_gazebo_garden_becter, serial_bayou,
          serial_bayou_lagoon_a, serial_bayou_ford_a, serial_bayou_shore_b,
          serial_bayou_pond_d, serial_bayou_pond_e, grunt_decor_one_mirror,
          minmay_misc_feat_x, goddamned_bats
D:6:      layout_rooms, overflow_temple_1_default
D:7:      layout_rooms, minmay_temple_entry_junction, serial_shops,
          nicolae_shop_overgrown_old_shop, nicolae_shop_crystal,
          nicolae_alphabet_shops, eino_curves_04, grunt_livestock,
          minmay_door_square, minmay_three_doors, uniq_crazy_yiuf_cottage
D:8:      layout_rooms, lemuel_crystal_altar, uniq_maurice, uniq_psyche,
          uniq_prince_ribbit1
D:9:      minmay_four_partial_circles, layout_basic, minmay_misc_feat_rugged,
          eino_tiny_chamber
Temple:   bh_familiar_temple

Skill      XL: |  1  2  3  4  5  6  7  8  9 10 |
---------------+-------------------------------+-----
Evocations     | 3 4 5 6 7 |  7.5
Armour         | 1 2 3 4 5 6 8 |  8.1
Maces & Flails | 1 2 3 |  3.8
Dodging        | 3 4 6 7 8 |  8.0
Fighting       | 2 3 5 6 |  6.7
Short Blades   | 2 |  2.6
Throwing       | 1 |  1.6
Polearms       | 1 5 8 |  8.4
Staves         | 1 5 |  5.8
Stealth        | |  0.7

Action                   |  1- 3 |  4- 6 |  7- 9 | 10-12 || total
-------------------------+-------+-------+-------+-------++-------
Melee: Short sword       |    49 |       |       |       ||    49
       Headbutt          |    15 |    21 |    43 |    50 ||   129
       Whip              |    31 |    40 |    24 |       ||    95
       Dagger            |       |    44 |    11 |       ||    55
       Halberd           |       |       |   192 |       ||   192
       Quarterstaff      |       |       |    27 |   205 ||   232
Throw: Boomerang         |       |     6 |     2 |     1 ||     9
       Dart              |       |     4 |       |       ||     4
Evoke: Wand              |     7 |     3 |     8 |     6 ||    24
  Use: Scroll            |       |    12 |     5 |     2 ||    19
       Potion            |       |       |       |     7 ||     7
 Stab: Sleeping          |     1 |       |       |       ||     1
       Paralysed         |       |     1 |     1 |       ||     2
       Invisible         |       |     1 |       |       ||     1
  Eat: Chunk             |     2 |     4 |     5 |       ||    11
       Ration            |       |       |     4 |     2 ||     6
Armor: Leather armour    |     5 |       |       |       ||     5
       Ring mail         |    27 |    26 |    84 |       ||   137
       Chain mail        |       |       |    73 |   160 ||   233
Dodge: Dodged            |    39 |    52 |   212 |   137 ||   440
